 Dungeon Crawl Stone Soup version 0.29-a0-409-gd843f3a48c (webtiles) character file.

Game seed: 8006096151096884964

142 holysushi the Grave Robber (level 5, 0/35 HPs)
             Began as a Mummy Necromancer on May 14, 2022.
             Slain by a lemure (7 damage)
             ... led by Pikel
             ... on level 3 of the Dungeon.
             The game lasted 00:09:30 (4610 turns).

holysushi the Grave Robber (Mummy Necromancer)      Turns: 4610, Time: 00:09:31

Health: 0/35       AC:  2    Str: 11    XL:     5   Next: 3%
Magic:  20/20      EV: 12    Int: 14    God:
Gold:   71         SH:  0    Dex: 15    Spells: 3/12 levels left

rFire   x . .      SeeInvis .   f - +0 dagger
rCold   + . .      Faith    .   (no shield)
rNeg    + + +      Spirit   .   a - +0 robe
rPois   ∞          Reflect  .   (no helmet)
rElec   .          Harm     .   (no cloak)
rCorr   .          Rampage  .   (no gloves)
Will    .....                   (no boots)
Stlth   ++........              (no amulet)
HPRegen 0.11/turn               e - ring of magical power
MPRegen 0.17/turn               (no ring)

@: no status effects
A: cold resistance 1, negative energy resistance 3, torment resistance 2, heat
vulnerability 1, in touch with death 1, no potions
a: no special abilities


You were on level 3 of the Dungeon.
You visited 1 branch of the dungeon, and saw 4 of its levels.

You collected 171 gold pieces.
You spent 100 gold pieces at shops.

Inventory:

Hand Weapons
 f - a +0 dagger (weapon)
Armour
 a - a +0 robe (worn)
Jewellery
 e - a ring of magical power (left hand)
Wands
 g - a wand of charming (1)
Scrolls
 b - a scroll of identify
 c - a scroll of immolation
 d - 2 scrolls of teleportation


   Skills:
 + Level 0.0 Short Blades
 + Level 2.2 Dodging
 - Level 1.5 Stealth
 - Level 1.4 Unarmed Combat
 + Level 4.2 Spellcasting
 + Level 4.8 Necromancy


You had 3 spell levels left.
You knew the following spells:

 Your Spells              Type           Power      Damage    Failure   Level
a - Pain                  Necr           96%        1d8       2%          1
b - Vampiric Draining     Necr           24%        2d7       8%          3
c - Ensorcelled Hibernat  Hex/Ice        4%         N/A       28%         2
d - Swiftness             Air            2%         N/A       50%         3

Your spell library contained the following spells:

 Spells                   Type           Power      Damage    Failure   Level
 Animate Skeleton         Necr           48%        N/A       2%          1
 Slow                     Hex            8%         N/A       19%         1
 Passwall                 Tmut/Erth      1%         N/A       28%         2
 Frozen Ramparts          Ice            4%         1d2       50%         3
 Animate Dead             Necr           12%        N/A       26%         4
 Agony                    Necr           24%        N/A       56%         5
 Summon Ice Beast         Ice/Summ       2%         N/A       88%         4
 Summon Hydra             Summ           1%         N/A       100%        7
 Sublimation of Blood     Necr           Unusable   N/A       N/A         2
 Wereblood                Tmut           Unusable   N/A       N/A         2
 Ice Form                 Ice/Tmut       Unusable   N/A       N/A         4

Dungeon Overview and Level Annotations

Branches:
Dungeon (4/15)
 Temple: D:4-7

Altars:

Shops:
D:3 [*

Annotations:
D:3 1 transporter, exclusion: downstairs, pel's ghost, amateur GrFi


Innate Abilities, Weirdness & Mutations

You are immune to poison.
Your flesh is cold resistant. (rC+)
You are immune to negative energy. (rN+++)
You are immune to unholy pain and torment.
You are vulnerable to heat. (rF-)
You are in touch with the powers of death.
You do not drink.


Message History

The floor.
You hit the lemure but do no damage. You punch the lemure.
The lemure is severely wounded.
The lemure closely misses you.
You closely miss the lemure.
The lemure is severely wounded.
The lemure hits you.
* * * LOW HITPOINT WARNING * * *
Aiming: Charm
Press: ? - help, Shift-Dir - straight line, f/p - lemure
Aim: a lemure (severely wounded, chance to affect: 49%)
The lemure resists with some effort.
The lemure hits you!
* * * LOW HITPOINT WARNING * * *
Aiming: Charm
Press: ? - help, Shift-Dir - straight line, f/p - lemure
Aim: a lemure (severely wounded, chance to affect: 49%)
The lemure is charmed.
What are your orders? t - Shout!
Orders for allies: a - Attack new target. p - Attack previous target. r - Retreat! s - Stop attacking. g - Guard the area. f - Follow me.
Anything else - Cancel.
Retreat in which direction?
Press: ? - help, Dir - move target, p - lemure Fall back!
There is an open door here.
The ogre shouts!
Pel's ghost turns its malevolent gaze towards you.
The ogre shouts!
The ogre shouts!
Aiming: Charm
Press: ? - help, Shift-Dir - straight line, f - lemure
Aim: a lemure (severely wounded, chance to affect: 49%)
The lemure resists with some effort.
Aiming: Charm
Press: ? - help, Shift-Dir - straight line, f/p - lemure
Aim: a lemure (severely wounded, chance to affect: 49%)
The lemure resists with some effort.
The lemure hits you!
You die...

#########.#####...#.....
#.PPP.. ..........#
#...#..##. #.....#
########### #...#.#..#
####### ........#
#...#.#..# ..P.Pb.##
#..©#..##. #P.P..##
#...#O..(. #######
##.©#W.##. ###.#.#
#5.#O#..# ......#
#@.#O#..# ####..#
#..#..##. #..# #..#.....
####..## #..######
).##...## ##### ###
........######## #..
...............# #.#
......########.# #.#
).....# #.# #.#


You could see 3 ogres, a lemure and pel's ghost.

Vanquished Creatures
  A hound (D:2)
  Robin (D:2)
  A gnoll (D:4)
  An adder (D:2)
  2 worms
  3 orcs (D:3)
  3 ball pythons
  5 endoplasms
  5 giant cockroaches
  12 goblins
  8 hobgoblins
  2 jackals (D:1)
  2 quokkas (D:1)
  10 bats
  7 frilled lizards
  4 kobolds
  5 rats
72 creatures vanquished.

Vanquished Creatures (others)
  A fungus (D:1)
  A plant (D:1)
2 creatures vanquished.

Grand Total: 74 creatures vanquished

Notes
Turn   | Place    | Note
-------+----------+-------------------------------------------
     0 | D:1      | holysushi the Mummy Necromancer began the quest for the
                  | Orb.
     0 | D:1      | Reached XP level 1. HP: 13/13 MP: 4/4
   444 | D:1      | Reached XP level 2. HP: 19/19 MP: 1/6
   844 | D:1      | Found a faded altar of an unknown god.
   849 | D:1      | Got Plato's Disquisition on Execration
   876 | D:1      | Reached skill level 1 in Unarmed Combat
  1321 | D:1      | Gained mutation: You are in touch with the powers of death.
                  | [Mummy growth]
  1321 | D:1      | Reached XP level 3. HP: 24/24 MP: 4/7
  1943 | D:2      | Identified the -2 helmet of Cioxt {rPois Regen+}
  1943 | D:2      | Noticed Robin
  2280 | D:2      | Learned a level 3 spell: Vampiric Draining
  2283 | D:2      | Learned a level 2 spell: Ensorcelled Hibernation
  2287 | D:2      | Learned a level 3 spell: Swiftness
  2505 | D:2      | Reached XP level 4. HP: 30/30 MP: 7/9
  2588 | D:2      | Killed Robin
  3576 | D:3      | Found Jegol's Assorted Antiques.
  3584 | D:3      | Bought a cabochon ring for 100 gold pieces
  3746 | D:3      | Found Favumm's Antique Armour Emporium.
  3895 | D:3      | Noticed an ogre
  3896 | D:3      | Noticed pel's ghost (amateur GrFi)
  3897 | D:3      | Found a transporter.
  3899 | D:3      | Noticed an ogre
  3899 | D:3      | Noticed an ogre
  4264 | D:4      | Noticed a necrophage
  4396 | D:4      | Reached XP level 5. HP: 35/35 MP: 11/11
  4415 | D:4      | Noticed a lemure
  4415 | D:4      | Noticed a lemure
  4528 | D:4      | Noticed a lemure
  4610 | D:3      | Slain by a lemure

Illustrated notes

Levels and vault maps discovered:
D:1:      eino_arrival_cavern_a, layout_rooms,
          shapermc_ecumenical_altar_rom_forum, minmay_misc_feat_four_crosses,
          roderic_filled_cross, nicolae_concentric_dashed_squares_mild
D:2:      layout_loops_ring, grunt_ministairs_4, mrwooster_statue_mirror,
          uniq_robin
D:3:      layout_loops_corners, serial_aquarium, aquarium_bridge_long_separate
          [aquarium_subvault_wall, aquarium_subvault_bridge,
          aquarium_subvault_bridge, aquarium_subvault_balcony,
          aquarium_subvault_bridge, aquarium_subvault_bridge],
          aquarium_bridge_straight [aquarium_subvault_bridge,
          aquarium_subvault_wall, aquarium_subvault_bridge,
          aquarium_subvault_balcony], aquarium_window_2, aquarium_window_fake,
          aquarium_window_fake, aquarium_view_2e, serial_shops,
          nicolae_shop_overgrown_old_shop, shop, gammafunk_ghost_smash
D:4:      layout_basic, pf_guarded_unrand_meek, uniq_grinder, uniq_pikel,
          uniq_natasha

Skill      XL: |  1  2  3  4 |
---------------+-------------+-----
Spellcasting   | 3 4 |  4.2
Unarmed Combat | 1 |  1.4
Dodging        | 2 |  2.2
Stealth        | |  1.5
Necromancy     | |  4.8

Action                   |  1- 3 |  4- 6 || total
-------------------------+-------+-------++-------
Melee: Unarmed           |    59 |       ||    59
       Dagger            |       |    63 ||    63
       Punch             |       |     3 ||     3
 Cast: Pain              |    86 |    31 ||   117
       Vampiric Draining |       |     1 ||     1
       Ensorcelled Hiber |       |     2 ||     2
Evoke: Wand              |       |     4 ||     4
  Use: Scroll            |     3 |     4 ||     7
 Stab: Sleeping          |       |     2 ||     2
Armor: Robe              |    20 |    14 ||    34
Dodge: Dodged            |    77 |    42 ||   119

Table legend: (Time is in decaauts)
 A = Elapsed time spent in this place.
 B = Non-inter-level travel time spent in this place.
 C = Inter-level travel time spent in this place.
 D = Time resting spent in this place.
 E = Time spent auto-exploring this place.
 F = Levels seen in this place.
 G = Mean time per level.
                   A        B        C        D        E       F      G
               +--------+--------+--------+--------+--------+-----+--------+
         Total |   4609 |   4393 |    216 |   1446 |   2061 |   4 | 1152.2 |
       Dungeon |   4609 |   4393 |    216 |   1446 |   2061 |   4 | 1152.2 |
               +--------+--------+--------+--------+--------+-----+--------+

Top non-repeatable levels by time:
     D:2: 1517 daAuts
     D:3: 1500 daAuts
     D:1: 1433 daAuts
     D:4: 157 daAuts
